 Dungeon Crawl Stone Soup version 0.21.1-1-g345015f (webtiles) character file.

3600 Kuinu the Carver (level 9, -3/82 HPs)
             Began as a Minotaur Fighter on July 18, 2018.
             Slain by a vampire mosquito (5 damage)
             ... on level 12 of the Dungeon.
             The game lasted 00:39:25 (6026 turns).

Kuinu the Carver (Minotaur Fighter)                 Turns: 6026, Time: 00:39:26

Health: -3/82      AC: 14    Str: 24    XL:     9   Next: 85%
Magic:  0/8        EV:  5    Int: 10    God:
Gold:   357        SH: 17    Dex:  8    Spells: 8/8 levels left

rFire    + + +     SeeInvis .   u - +5 long sword "Trog's Brutal Revenge" {slice, rF+++ MR- Int+5 Dex-2}
rCold    . . .     Gourm    .   n - +0 large shield
rNeg     + . .     Faith    +   M - +0 chain mail (curse)
rPois    .         Spirit   .   (helmet restricted)
rElec    .         Reflect  .   O - +0 cloak
rCorr    .         Harm     .   (no gloves)
MR       .....                  Z - +0 pair of boots
Stlth    ..........             Q - amulet of faith
HPRegen  0.23/turn              P - ring of positive energy
MPRegen  0.11/turn              N - +1 ring of protection

@: no status effects
A: retaliatory headbutt, horns 2
a: no special abilities


You were on level 12 of the Dungeon.
You were not hungry.

You visited 1 branch of the dungeon, and saw 12 of its levels.

You collected 357 gold pieces.

Inventory:

Hand Weapons
 a - a +1 long sword
 g - a +0 whip of flaming
 p - a +0 whip
 r - a +5 halberd
 s - a +0 mace of holy wrath
 u - the +5 long sword "Trog's Brutal Revenge" (weapon) {slice, rF+++ MR- Int+5 Dex-2}
   (You found it on level 5 of the Dungeon)

   It inflicts extra damage upon your enemies.
   It affects your intelligence (+5).
   It affects your dexterity (-2).
   It renders you almost immune to fire.
   It affects your resistance to hostile enchantments.
 w - a +4 club
 B - a +3 dagger
 C - a +3 war axe of freezing
 H - a +7 flail of crushing
 I - a +4 quarterstaff of chaos
 J - a +0 shortbow
 R - a +0 long sword
 V - a +0 hand crossbow
Missiles
 j - a throwing net (quivered)
 W - 19 bolts
Armour
 b - a +0 scale mail
 c - a +0 shield
 n - a +0 large shield (worn)
 o - a +0 scale mail
 x - a +0 helmet
 y - a cursed -1 helmet
 A - a +0 plate armour
 M - a cursed +0 chain mail (worn)
 O - a +0 cloak (worn)
 Y - a +0 chain mail
 Z - a +0 pair of boots (worn)
Jewellery
 m - an uncursed ring of ice
 q - an uncursed ring of ice
 N - a +1 ring of protection (right hand)
 P - a ring of positive energy (left hand)
 Q - an amulet of faith (around neck)
Wands
 h - a wand of flame (34)
 k - a wand of acid (11)
 T - a wand of paralysis (5)
Scrolls
 e - a scroll of enchant armour
 i - 5 scrolls of enchant weapon
 l - a scroll of random uselessness {unknown}
 z - 2 scrolls of remove curse
 E - a scroll of amnesia
 G - a scroll of fog
 S - a scroll of holy word {unknown}
Potions
 d - a potion of might
 t - a potion of agility
 v - 2 potions of cancellation
 L - a potion of invisibility
 U - a potion of mutation {unknown}
Books
 D - a book of Changes

   Spells                             Type                      Level
   a - Beastly Appendage              Transmutation                1
   b - Sticks to Snakes               Transmutation                2
   c - Spider Form                    Transmutation/Poison         3
   d - Ice Form                       Ice/Transmutation            4
   e - Blade Hands                    Transmutation                5
Comestibles
 f - 3 rations


   Skills:
 + Level 8.3 Fighting
 * Level 10.8 Long Blades
 + Level 8.5 Armour
 + Level 8.5 Shields


You had 8 spell levels left.
You didn't know any spells.

Dungeon Overview and Level Annotations

Branches:
Dungeon (12/15)            Temple (0/1) D:7
   Lair: D:8-11         Orc: D:9-12

Altars:
Cheibriados
Hepliaklqana
Nemelex Xobeh
Uskayaw

Annotations:
D:6 Kuinu's ghost, amateur MiFi
D:8 Gastronok
D:9 tminei's ghost, novice TrBe


Innate Abilities, Weirdness & Mutations

You reflexively headbutt those who attack you in melee.
You have a pair of horns on your head.


Message History

* * * LOW HITPOINT WARNING * * *
The vampire mosquito bites you!
* * * LOW HITPOINT WARNING * * *
The vampire mosquito draws strength from your injuries!
You block the vampire mosquito's attack.
The worker ant closely misses you. You furiously retaliate!
You headbutt the worker ant! The eye of draining gazes at you.
You feel your power leaking away.
An orc wizard comes into view. It is wielding a dagger.
The orc wizard shouts!
You hear a shout!
You block the vampire mosquito's attack.
You block the vampire mosquito's attack.
You block the worker ant's attack.
The vampire mosquito bites you but does no damage.
You block the worker ant's attack.
There is an escape hatch in the floor here.
You block the vampire mosquito's attack.
The vampire mosquito bites you.
You die...

... ## ....
..####### ......
#........ .......
........##.......
..................
..................?
......o@..H........
##....yyaF.........
#....Sy.9....G..#
......###O........
....Ja...D........
..#.lJ.......##..
#.###...JD...#
####..##.JJS....#
...#.......Z..####


You could see a seven-headed hydra, 2 slime creatures, a manticore, an eye of
draining, a wyvern, 3 vampire mosquitoes, a gargoyle, an ogre, a bullfrog, 2
worker ants, an orc wizard and an adder.

Vanquished Creatures
  Pikel (D:5)
  Grinder (D:3)
  A hungry ghost (D:7)
  Menkaure (D:7)
  Edmund (D:6)
  A water moccasin (D:11)
  An ice beast (D:9)
  2 sky beasts
  3 ogres
  A phantom (D:7)
  2 centaurs
  A big kobold (D:7)
  6 bullfrogs
  3 scorpions
  8 wights
  2 killer bees (D:8)
  A howler monkey (D:5)
  2 crimson imps (D:5)
  A centaur zombie (D:5)
  Crazy Yiuf (D:6)
  2 orc priests
  A hound (D:4)
  An orc wizard (D:8)
  An iguana (D:7)
  4 worker ants
  Natasha (thrice) (D:3)
  A worker ant zombie (D:5)
  Robin (D:4)
  3 gnolls (D:2)
  10 adders
  2 shadow imps
  An ooze (D:7)
  2 adder skeletons (D:4)
  2 worms
  3 leopard geckos
  10 orcs
  7 giant cockroaches
  20 goblins
  10 hobgoblins
  6 jackals
  6 quokkas
  5 ball pythons
  13 bats
  4 frilled lizards
  22 kobolds
  6 rats
186 creatures vanquished.

Vanquished Creatures (others)
  A slave (D:5)
  An ogre (D:5)
  A wight (D:5)
3 creatures vanquished.

Grand Total: 189 creatures vanquished

Notes
Turn   | Place    | Note
-------+----------+-------------------------------------------
     0 | D:1      | Kuinu the Minotaur Fighter began the quest for the Orb.
     0 | D:1      | Reached XP level 1. HP: 19/19 MP: 0/0
   161 | D:1      | Reached XP level 2. HP: 27/27 MP: 1/1
   393 | D:1      | Reached skill level 3 in Long Blades
   601 | D:2      | Reached XP level 3. HP: 32/33 MP: 2/2
   668 | D:2      | Reached XP level 4. HP: 33/40 MP: 3/3
  1270 | D:3      | Reached skill level 4 in Long Blades
  1348 | D:3      | Noticed Natasha
  1356 | D:3      | Killed Natasha
  1361 | D:3      | Reached XP level 5. HP: 47/47 MP: 4/4
  1469 | D:3      | Noticed Natasha
  1480 | D:3      | Killed Natasha
  1552 | D:3      | Noticed Grinder
  1565 | D:3      | Paralysed by Grinder for 7 turns
  1580 | D:3      | Paralysed by Grinder for 7 turns
  1613 | D:3      | Paralysed by Grinder for 3 turns
  1620 | D:3      | Killed Grinder
  1620 | D:3      | Reached skill level 5 in Fighting
  1620 | D:3      | Reached skill level 5 in Long Blades
  1620 | D:3      | Reached skill level 5 in Armour
  1620 | D:3      | Reached skill level 5 in Shields
  1620 | D:3      | Reached XP level 6. HP: 31/56 MP: 5/5
  1723 | D:3      | Noticed Natasha
  1738 | D:3      | Killed Natasha
  2340 | D:4      | Reached skill level 6 in Long Blades
  2340 | D:4      | Reached XP level 7. HP: 41/61 MP: 6/6
  2487 | D:4      | Noticed Robin
  2514 | D:4      | Killed Robin
  2829 | D:5      | Entered Level 5 of the Dungeon
  2831 | D:5      | Noticed Pikel
  2846 | D:5      | Got an ichor-stained long sword
  2887 | D:5      | Killed Pikel
  2887 | D:5      | Reached skill level 7 in Long Blades
  2887 | D:5      | Reached XP level 8. HP: 24/71 MP: 7/7
  2896 | D:5      | Identified the +5 long sword "Trog's Brutal Revenge" {slice, rF+++ MR- Int+5 Dex-2} (You found it on level 5 of the Dungeon)
  2927 | D:5      | Reached skill level 8 in Long Blades
  3285 | D:6      | Found a sparkling altar of Nemelex Xobeh.
  3285 | D:6      | Noticed Edmund
  3297 | D:6      | Killed Edmund
  3300 | D:6      | Reached skill level 9 in Long Blades
  3561 | D:6      | Found a runed door.
  3565 | D:6      | Noticed Crazy Yiuf
  3572 | D:6      | Killed Crazy Yiuf
  3669 | D:6      | Noticed Kuinu's ghost (amateur MiFi)
  3684 | D:7      | Reached XP level 9. HP: 38/79 MP: 8/8
  3828 | D:7      | Found a staircase to the Ecumenical Temple.
  4153 | D:7      | Noticed Menkaure
  4160 | D:7      | Killed Menkaure
  4160 | D:7      | Reached skill level 10 in Long Blades
  4671 | D:8      | Noticed Gastronok
  4900 | D:9      | Noticed tminei's ghost (novice TrBe)
  4976 | D:9      | Noticed a two-headed ogre
  5043 | D:9      | Found a snail-covered altar of Cheibriados.
  5043 | D:9      | Found a hide-covered altar of Uskayaw.
  5046 | D:9      | Found a hazy altar of Hepliaklqana.
  5495 | D:10     | Entered Level 10 of the Dungeon
  5976 | D:11     | Noticed a white ugly thing
  5991 | D:12     | Noticed a seven-headed hydra
  6008 | D:12     | Noticed a gargoyle
  6018 | D:12     | Noticed a manticore
  6022 | D:12     | HP: 1/82 [vampire mosquito (7)]
  6026 | D:12     | Slain by a vampire mosquito

Skill      XL: |  1  2  3  4  5  6  7  8  9 |
---------------+----------------------------+-----
Armour         | 4 5 6 7 8 |  8.5
Long Blades    | 3 4 5 6 7 9 10 | 10.8
Shields        | 4 5 6 7 8 |  8.5
Fighting       | 4 5 6 7 8 |  8.3

Action                   |  1- 3 |  4- 6 |  7- 9 || total
-------------------------+-------+-------+-------++-------
Melee: Long sword        |   101 |   169 |   304 ||   574
       Headbutt          |     9 |    24 |    45 ||    78
Evoke: Wand              |       |       |     2 ||     2
  Use: Potion            |     3 |     2 |     6 ||    11
       Scroll            |     3 |     2 |    15 ||    20
  Eat: Ration            |       |     2 |     3 ||     5
       Chunk             |       |     1 |     5 ||     6
Armor: Scale mail        |    68 |    50 |    53 ||   171
       Skin              |       |    28 |       ||    28
       Chain mail        |       |       |    79 ||    79
Dodge: Dodged            |    24 |    27 |    59 ||   110
Block: Shield            |    20 |       |       ||    20
       Large shield      |    79 |   146 |   361 ||   586
       Rpst.: Long sword |     4 |     6 |     9 ||    19
